Map: 사이버 포레스트 - 래더

Players

Stats - Winner!

  • Race: Protoss Protoss
  • Spawn Location: 5:00

Zanster

  • Race: Zerg Zerg
  • Spawn Location: 11:00

Event: IEM Season 13: Katowice (2019)

VOD

Have the link to the VOD?

Description

Time

  • Played on: Feb. 26, 2019, 9:45 a.m.
  • Length: 9:07

All games in this series

Show
View Real Time Build Order
Export as new Build Order

Stats Protoss - Winner!

Build Orders: 1 Gate Expand, Archon Immortal, Archon Drop, Dark Templar Rush 

Get SALT Encoding   

  12  0:01  Probe  
  13  0:13  Probe  
  14  0:19  Pylon  
  14  0:25  Probe  
  15  0:33  Probe  
  15  0:41  Probe  
  16  0:44  Gateway  
  16  0:47  Assimilator  
  17  0:51  Probe  
  18  1:03  Probe  
  19  1:15  Probe  
  20  1:23  Nexus  
  20  1:33  Cybernetics Core  
  20  1:36  Probe  
  21  1:44  Assimilator  
  21  1:48  Probe  
  21  1:52  Pylon  
  22  2:00  Adept, Probe  
  23  2:12  Warp Gate, Probe  
  26  2:24  Probe  
  26  2:29  Twilight Council  
  27  2:30  Stalker  
  27  2:32  Probe x2  
  31  2:40  Probe x2  
  32  2:50  Probe x2  
  33  2:55  Robotics Facility  
  35  3:02  Probe  
  35  3:03  Probe  
  37  3:11  Gateway  
  37  3:14  Probe  
  37  3:15  Probe  
  37  3:18  Dark Shrine  
  39  3:26  Probe  
  40  3:27  Probe  
  40  3:32  Warp Prism  
  40  3:33  Gateway  
  41  3:35  Gateway  
  41  3:40  Probe  
  43  3:48  Pylon  
  44  3:51  Assimilator  
  44  3:55  Assimilator  
  44  3:56  Probe x2  
  44  3:58  Warp Prism  
  46  4:04  Pylon  
  46  4:08  Probe  
  50  4:10  Probe  
  50  4:21  Pylon, Probe  
  50  4:22  Probe  
  52  4:34  Dark Templar x3  
  52  4:35  Dark Templar  
  60  4:38  Archon  
  60  4:39  Archon  
  60  4:41  Observer  
  60  4:44  Probe x2  
  60  4:45  Forge  
  62  4:52  Pylon  
  63  5:04  Protoss Ground Weapons Level 1  
  63  5:05  Immortal  
  67  5:10  Dark Templar  
  67  5:11  Dark Templar  
  71  5:25  Probe x2  
  73  5:48  Dark Templar x2  
  73  5:49  Archon  
  77  5:52  Pylon  
  77  5:55  Pylon  
  77  5:56  Archon  
  77  6:05  Gateway  
  77  6:06  Gateway  
  77  6:08  Gateway  
  77  6:10  Immortal, Gateway  
  80  6:26  Protoss Ground Weapons Level 2  
  80  6:29  Nexus  
  80  6:34  Sentry, Zealot  
  80  6:35  Sentry, Zealot  
  80  6:38  Charge  
  88  6:48  Pylon  
  88  6:49  Immortal, Pylon  
  88  6:50  Pylon  
  92  6:57  Pylon  
  92  7:10  Sentry x2  
  92  7:11  Zealot x5  
  106  7:16  Zealot  
  108  7:23  Immortal  
  112  7:48  Zealot x7  
  112  7:49  Zealot  
  128  7:54  Probe x3  
  131  8:10  Pylon  
  131  8:12  Pylon  
  131  8:13  Zealot  
  131  8:14  Zealot x2  
  137  8:20  Zealot x2  
  141  8:40  Zealot x6  
  150  8:44  Zealot  
  150  8:45  Zealot  
  126  9:04  Zealot x6  
Show
View Real Time Build Order
Export as new Build Order

Zanster Zerg 

Build Orders: Hatch First 

Get SALT Encoding   

  12  0:00  Drone  
  13  0:10  Drone  
  14  0:15  Extractor, Drone  
  15  0:22  Overlord  
  15  0:44  Hatchery  
  15  0:48  Drone  
  15  0:52  Drone  
  15  0:55  Drone  
  17  0:59  Drone  
  18  1:10  Extractor  
  17  1:15  Spawning Pool  
  17  1:18  Drone  
  17  1:22  Drone  
  18  1:32  Drone  
  19  1:43  Drone  
  20  1:54  Drone  
  20  1:57  Drone  
  22  2:02  Queen x2  
  22  2:06  Overlord  
  22  2:07  Zergling x2  
  27  2:13  Metabolic Boost  
  27  2:21  Zergling x2  
  28  2:25  Drone  
  28  2:26  Drone  
  30  2:31  Drone  
  31  2:37  Drone  
  32  2:45  Hatchery  
  32  2:47  Drone  
  32  2:51  Queen  
  32  2:55  Overlord  
  34  2:59  Drone  
  34  3:00  Drone  
  36  3:08  Overlord  
  36  3:17  Zergling x6  
  36  3:19  Drone x4  
  43  3:26  Drone  
  43  3:29  Queen  
  43  3:30  Spore Crawler  
  43  3:31  Drone  
  45  3:37  Overlord  
  45  3:42  Drone  
  45  3:46  Drone, Spore Crawler  
  46  3:50  Drone  
  46  3:54  Roach Warren  
  46  3:58  Drone x4  
  46  4:01  Drone  
  46  4:02  Drone  
  52  4:06  Drone  
  52  4:09  Drone  
  54  4:10  Overlord  
  54  4:16  Overlord  
  54  4:22  Extractor  
  54  4:23  Extractor  
  52  4:28  Overlord  
  52  4:33  Extractor  
  52  4:34  Roach x6  
  52  4:37  Roach  
  65  4:40  Overlord  
  65  4:47  Roach  
  67  4:54  Roach x2, Zergling x4  
  67  4:55  Zergling x4  
  67  4:59  Spore Crawler  
  74  5:06  Drone  
  74  5:07  Drone x4  
  77  5:14  Lair  
  76  5:26  Spore Crawler  
  73  5:30  Drone  
  73  5:32  Drone  
  73  5:33  Drone x4  
  77  5:48  Roach x5  
  87  5:51  Overlord  
  87  5:55  Roach  
  89  6:03  Roach x4  
  97  6:07  Overlord  
  97  6:12  Overseer  
  97  6:17  Glial Reconstitution  
  97  6:19  Drone x7  
  97  6:21  Drone  
  97  6:23  Overlord  
  105  6:25  Overlord  
  105  6:34  Drone x5  
  105  6:36  Drone  
  105  6:37  Drone  
  112  6:42  Overlord  
  110  6:49  Spire  
  110  6:53  Drone x4  
  113  6:58  Drone x2  
  113  6:59  Drone  
  116  7:03  Overlord  
  116  7:09  Roach x3  
  116  7:10  Overlord  
  116  7:14  Roach  
  116  7:15  Roach  
  126  7:18  Roach  
  126  7:19  Roach  
  126  7:22  Roach x2  
  134  7:27  Roach x3, Extractor  
  139  7:30  Overlord  
  139  7:35  Roach  
  139  7:36  Roach x3, Extractor  
  146  7:39  Overlord  
  146  7:49  Roach  
  146  7:50  Roach x5  
  156  7:53  Overlord  
  156  7:59  Roach x5  
  166  8:08  Overlord  
  165  8:13  Overseer  
  165  8:19  Overlord x2  
  169  8:22  Overlord  
  169  8:25  Ravager x5  
  169  8:36  Roach x4  

Tags
 
Add a new tag
Caveats
  • Supply blocks, unpowered buildings, or Contaminate may cause inaccurate times.
  • Supply counts are checked every 10 seconds.